[Event "Titled Tuesday Blitz January 11 2022"]
[White "Bryakin, Mikhail"]
[Black "Arabidze, Meri"]
[WhiteFideId "4165314"]
[BlackFideId "13604040"]
[WhiteElo "2421"]
[BlackElo "2329"]
[Result "1/2-1/2"]
[Round "04"]
[TimeControl "180+1"]
[Date "2022.01.11"]
[WhiteClock "0:01:35"]
[BlackClock "0:00:08"]

1. e4 c5 2. c3 e6 3. d4 d5 4. exd5 exd5 5. Nf3 Nc6 6. Be2 Bd6 7. dxc5 Bxc5 8. O-O Nge7 9. Na3 Bxa3 10. bxa3 O-O 11. c4 d4 12. Bb2 Nf5 13. Bd3 Re8 14. Bxf5 Bxf5 15. Nxd4 Nxd4 16. Qxd4 Qxd4 17. Bxd4 b6 18. Rfc1 Rec8 19. a4 Be6 20. c5 bxc5 21. Bxc5 a6 22. a5 Rc6 23. a3 Rac8 24. Be3 Rxc1+ 25. Bxc1 Rc2 26. Bf4 h6 27. h3 Ra2 28. Rd1 Rxa3 29. Bc7 Bc4 30. Bb6 Bb5 31. Rd2 Ra1+ 32. Kh2 Kh7 33. Rd6 Re1 34. Rd4 Re2 35. Rg4 Re6 36. Rd4 Re2 37. Rd1 Ra2 38. Rd8 Re2 39. Kg3 Ra2 40. Rd6 Re2 41. Rd4 Ra2 42. Rd1 Re2 43. Rc1 Ra2 44. Rg1 Ra3+ 45. Kh2 Ra2 46. Rc1 Re2 47. Rc7 Kg6 48. Rc5 Ra2 49. Rc3 Kh7 50. Rf3 Kg8 51. Rf4 Re2 52. Kg3 Ra2 53. h4 Re2 54. Rf5 Ra2 55. Rc5 Ra3+ 56. Kf4 Ra2 57. Rc8+ Kh7 58. Ke5 Kg6 59. g3 Re2+ 60. Kd4 h5 61. Rc5 f6 62. Rc7 Rd2+ 63. Kc3 Rd1 64. Re7 Rc1+ 65. Kd4 Rd1+ 66. Kc5 Rc1+ 67. Kd6 Rc6+ 68. Kd5 Rc2 69. Ra7 Rd2+ 70. Ke6 Re2+ 71. Kd6 Rd2+ 72. Kc5 Rxf2 73. Bc7 Rc2+ 74. Kb6 Rc6+ 75. Kb7 Rc3 76. Bf4 Kf5 77. Kb6 Rc6+ 78. Kb7 g5 79. hxg5 fxg5 80. Bc7 h4 81. gxh4 gxh4 82. Ra8 Kg4 83. Rg8+ Kh3 84. Rh8 Rc4 85. Kb6 Rg4 86. Rh6 Kg2 87. Rh8 h3 88. Bd6 Rg6 89. Kc5 Rg5+ 90. Kd4 Rg4+ 91. Ke3 Rg6 92. Bc7 Rg7 93. Be5 Rg5 94. Bf4 Rg6 95. Be5 Rg5 96. Kf4 Rg6 97. Ke4 Rg4+ 98. Bf4 Rxf4+ 99. Kxf4 h2 100. Rg8+ Kf2 101. Rh8 Kg2 102. Rg8+ Kf2 103. Rh8 Kg2 1/2-1/2


[Site "https://www.chess.com"]

[Event "Titled Tuesday Blitz January 11 2022"]
[White "Chigaev, Maksim"]
[Black "Khanin, Semen"]
[WhiteFideId "4108116"]
[BlackFideId "4111990"]
[WhiteElo "2502"]
[BlackElo "2442"]
[Result "1-0"]
[Round "04"]
[TimeControl "180+1"]
[Date "2022.01.11"]
[WhiteClock "0:00:52"]
[BlackClock "0:00:04"]

1. Nf3 Nf6 2. c4 e6 3. g3 a6 4. Bg2 b5 5. b3 Bb7 6. O-O Be7 7. Bb2 O-O 8. d4 c5 9. d5 exd5 10. Nh4 g6 11. Nc3 b4 12. Nxd5 Nxd5 13. Bxd5 Bxd5 14. Qxd5 Nc6 15. Ng2 Re8 16. Ne3 Nd4 17. Bxd4 cxd4 18. Qxd4 Bf6 19. Qd3 Bxa1 20. Rxa1 Qf6 21. Rc1 a5 22. Nd5 Qe5 23. e3 Ra6 24. Rd1 Qe4 25. Nc7 Rc6 26. Nxe8 Qxe8 27. Qxd7 Qe4 28. Qd8+ Kg7 29. Qd4+ Qxd4 30. exd4 a4 31. d5 Rc8 32. d6 axb3 33. axb3 Kf6 34. d7 Rd8 35. c5 1-0


[Site "https://www.chess.com"]

[Event "Titled Tuesday Blitz January 11 2022"]
[White "Costachi, Mihnea"]
[Black "Petrovskyi, Vadym"]
[WhiteFideId "1217518"]
[BlackFideId "14165210"]
[WhiteElo "2464"]
[BlackElo "2424"]
[Result "1-0"]
[Round "04"]
[TimeControl "180+1"]
[Date "2022.01.11"]
[WhiteClock "0:00:39"]
[BlackClock "0:00:08"]

1. e4 c5 2. Nc3 Nc6 3. g3 g6 4. Bg2 Bg7 5. d3 d6 6. f4 e6 7. Nf3 Nge7 8. O-O O-O 9. Be3 Rb8 10. d4 cxd4 11. Nxd4 a6 12. Qd2 b5 13. Rad1 b4 14. Nce2 Bb7 15. Nxc6 Nxc6 16. Qxd6 Qxd6 17. Rxd6 Bxb2 18. e5 Ne7 19. Rb1 Bxg2 20. Kxg2 Nf5 21. Rd3 Rfd8 22. Bc5 Rxd3 23. cxd3 Rc8 24. d4 Bc3 25. Nxc3 bxc3 26. Kf3 h5 27. Ke4 c2 28. Rc1 Rb8 29. Rxc2 Rb1 30. Kd3 Rd1+ 31. Rd2 Rc1 32. Ba3 Rh1 33. Bb4 Kg7 34. a4 Kh6 35. Bf8+ Kh7 36. a5 g5 37. fxg5 Kg6 38. Ke4 Kxg5 39. d5 exd5+ 40. Kxd5 Ra1 41. Bb4 Rb1 42. Kc5 Kg4 43. Rf2 Kg5 44. Rf4 Kg6 45. Kb6 Ng7 46. Kxa6 Ne6 47. Rc4 Rb2 48. h4 Rb3 49. Kb6 Kf5 50. a6 Rb1 51. a7 Ra1 52. Ba5 Rb1+ 53. Rb4 1-0


[Site "https://www.chess.com"]

[Event "Titled Tuesday Blitz January 11 2022"]
[White "Cunjalo, Faris"]
[Black "Panesar Vedant"]
[WhiteFideId "14410710"]
[BlackFideId "35033018"]
[WhiteElo "2263"]
[BlackElo "1971"]
[Result "1/2-1/2"]
[Round "04"]
[TimeControl "180+1"]
[Date "2022.01.11"]
[WhiteClock "0:00:39"]
[BlackClock "0:01:00"]

1. f4 d5 2. Nf3 g6 3. g3 Bg7 4. Bg2 c5 5. O-O Nf6 6. d3 O-O 7. Qe1 Nc6 8. e4 dxe4 9. dxe4 e5 10. Nc3 Nd4 11. Qd2 exf4 12. gxf4 Nxf3+ 13. Bxf3 Bh3 14. Qxd8 Raxd8 15. Re1 Bg4 16. Kg2 Rfe8 17. Be3 b6 18. Rad1 Rxd1 19. Rxd1 Nxe4 20. Nxe4 Bf5 21. Nd6 Rxe3 22. Nxf5 gxf5 23. Rd8+ Bf8 24. Rd7 Re7 25. Rxe7 Bxe7 26. b3 Bh4 27. Bd5 Kg7 28. Kf3 Kf6 29. c4 Be1 30. h3 Kg6 31. a4 Bd2 32. Kg3 Kf6 33. Kf3 h6 34. Kg3 Be1+ 35. Kf3 Bh4 36. Ke2 Ke7 37. Kf3 Bf6 38. Ke3 h5 39. Kf3 h4 40. Ke3 Bd4+ 41. Ke2 a6 42. Bb7 a5 43. Bc8 Kf6 44. Kf3 Kg6 45. Bb7 Kf6 46. Bd5 Kg6 47. Bc6 Kf6 48. Bd5 Bc3 49. Bc6 Bd2 50. Bd5 Kg6 51. Bc6 Kf6 52. Bd5 Ke7 53. Bc6 Kf6 1/2-1/2


[Site "https://www.chess.com"]

[Event "Titled Tuesday Blitz January 11 2022"]
[White "Djordjevic, Vuk"]
[Black "Sarana, Alexey"]
[WhiteFideId "902098"]
[BlackFideId "24133795"]
[WhiteElo "2463"]
[BlackElo "2665"]
[Result "0-1"]
[Round "04"]
[TimeControl "180+1"]
[Date "2022.01.11"]
[WhiteClock "0:00:04"]
[BlackClock "0:00:05"]

1. d4 Nf6 2. Bg5 d5 3. Bxf6 gxf6 4. e3 e5 5. c4 exd4 6. Qxd4 Nc6 7. Qxd5 Qxd5 8. cxd5 Nb4 9. Na3 Nxd5 10. Nb5 c6 11. Nd4 Bb4+ 12. Kd1 O-O 13. Kc2 Rd8 14. a3 Be7 15. Bd3 c5 16. Nf5 Bf8 17. g4 Be6 18. Ne2 Rac8 19. Rhd1 a6 20. Be4 b5 21. Rd2 Nb6 22. Rad1 Rxd2+ 23. Rxd2 Nc4 24. Rd1 b4 25. axb4 cxb4 26. Kb1 a5 27. b3 Ne5 28. Ned4 Rc3 29. Bc2 a4 30. bxa4 b3 31. Be4 Nc4 32. Nb5 Na3+ 33. Nxa3 Bxa3 34. Nd4 b2 35. Bc2 Rc4 36. Nb5 Bc5 37. Bb3 Rxg4 38. Bxe6 fxe6 39. a5 Ra4 40. Kxb2 Rb4+ 41. Kc3 Rxb5 42. a6 Ra5 43. Kc4 Kf7 44. Rd7+ Kg6 45. Rb7 Rxa6 46. Kxc5 Ra2 47. f3 Rf2 48. Kd4 Rxh2 49. f4 Kf5 50. Rb5+ Kg4 51. Rb7 Rd2+ 52. Kc3 Rd6 53. Rf7 f5 54. Rxh7 Kf3 55. Rh3+ Ke4 56. Kc2 Rd3 57. Rh6 Rxe3 58. Rxe6+ Kxf4 59. Rf6 Re5 60. Kd3 Kf3 61. Kd4 Ra5 62. Rh6 f4 63. Rh1 Kg2 64. Rh4 f3 65. Ke3 Ra3+ 66. Kd2 f2 67. Rg4+ Rg3 68. Rxg3+ Kxg3 0-1


[Site "https://www.chess.com"]

[Event "Titled Tuesday Blitz January 11 2022"]
[White "Erigaisi Arjun"]
[Black "Rasulov, Vugar"]
[WhiteFideId "35009192"]
[BlackFideId "13402390"]
[WhiteElo "2745"]
[BlackElo "2560"]
[Result "0-1"]
[Round "04"]
[TimeControl "180+1"]
[Date "2022.01.11"]
[WhiteClock "0:00:08"]
[BlackClock "0:00:52"]

1. c4 Nf6 2. Nc3 g6 3. e4 d6 4. d4 Bg7 5. Be2 O-O 6. Bg5 c5 7. d5 h6 8. Be3 e6 9. Nf3 exd5 10. cxd5 Re8 11. Nd2 a6 12. a4 Nbd7 13. O-O Rb8 14. h3 Qc7 15. f4 c4 16. Bxc4 Nc5 17. Qf3 Bd7 18. e5 dxe5 19. fxe5 Rxe5 20. Bf4 Rf8 21. Rae1 Nh5 22. d6 Qxd6 23. Bxf7+ Kh8 24. Bxe5 Bxe5 25. Nde4 Qd4+ 26. Kh1 Bc6 27. Rd1 Nxe4 28. Rxd4 Neg3+ 29. Kg1 Bxd4+ 30. Qf2 Bxf2+ 31. Rxf2 Kg7 32. Bd5 Nf4 33. Bxc6 bxc6 34. Kh2 Nfe2 35. Rxe2 Nxe2 36. Nxe2 Rf2 37. Nd4 Rxb2 38. Nxc6 Kf6 39. Kg3 Rb6 40. Na5 Rb4 0-1


[Site "https://www.chess.com"]

[Event "Titled Tuesday Blitz January 11 2022"]
[White "FGHSMN"]
[Black "Yoo, Christopher Woojin"]
[BlackFideId "30909694"]
[WhiteElo "2744"]
[BlackElo "2105"]
[Result "0-1"]
[Round "04"]
[TimeControl "180+1"]
[Date "2022.01.11"]
[WhiteClock "0:00:02"]
[BlackClock "0:00:17"]

1. b3 e5 2. Bb2 Nc6 3. c4 g6 4. e3 Bg7 5. Nf3 Nge7 6. d4 exd4 7. Nxd4 O-O 8. Nxc6 dxc6 9. Qxd8 Rxd8 10. Bxg7 Kxg7 11. Nc3 Bf5 12. Be2 Bd3 13. O-O-O Bxe2 14. Nxe2 Nf5 15. e4 Nh4 16. Rhg1 g5 17. f3 Kf6 18. Rdf1 Rd3 19. Rd1 Rxd1+ 20. Kxd1 Rd8+ 21. Kc2 Ke5 22. Nc1 b6 23. Nd3+ Ke6 24. Kd2 a5 25. Ke3 f5 26. Nf2 f4+ 27. Ke2 a4 28. g3 Rd2+ 29. Kxd2 Nxf3+ 30. Kc3 Nxg1 31. gxf4 Ne2+ 32. Kd2 Nxf4 33. bxa4 h5 34. c5 g4 35. cxb6 cxb6 36. Kc3 Ke5 37. Kb4 Kd4 38. a5 bxa5+ 39. Kxa5 c5 40. a4 c4 41. Kb4 Nd3+ 42. Nxd3 cxd3 43. Kb3 Ke3 44. a5 d2 45. Kc2 Ke2 46. a6 d1=Q+ 0-1


[Site "https://www.chess.com"]

[Event "Titled Tuesday Blitz January 11 2022"]
[White "Filipets, Egor"]
[Black "Hansen, Eric"]
[WhiteFideId "13503928"]
[BlackFideId "2606771"]
[WhiteElo "2211"]
[BlackElo "2568"]
[Result "1-0"]
[Round "04"]
[TimeControl "180+1"]
[Date "2022.01.11"]
[WhiteClock "0:00:24"]
[BlackClock "0:00:06"]

1. d4 Nf6 2. Bf4 g6 3. e3 Bg7 4. Nf3 O-O 5. h3 c5 6. c3 Qb6 7. Qb3 d6 8. Bc4 Nc6 9. Ng5 d5 10. Be2 c4 11. Qc2 Bf5 12. Qc1 h6 13. Nf3 Ne4 14. Nbd2 Qa5 15. g4 Bd7 16. Nxe4 dxe4 17. Nd2 b5 18. Nxe4 e5 19. dxe5 Nxe5 20. Bxe5 Bxe5 21. Bf3 Kg7 22. Nc5 Rad8 23. Nb7 Qc7 24. Nxd8 Rxd8 25. Qc2 Bc6 26. Bxc6 Qxc6 27. Ke2 Rd6 28. f3 Re6 29. Kf2 Rf6 30. Qe2 Bc7 31. Kg2 h5 32. Rad1 a6 33. Rd4 Bb6 34. Re4 h4 35. Rd1 a5 36. Qd2 Qc8 37. Qd7 Qb8 38. f4 Qa8 39. Rd5 a4 40. Re8 Qa6 41. Qe7 Re6 42. Qf8+ Kf6 43. g5# 1-0


[Site "https://www.chess.com"]

[Event "Titled Tuesday Blitz January 11 2022"]
[White "Fridman, Daniel"]
[Black "Martinez Alcantara, Jose Eduardo"]
[WhiteFideId "11600454"]
[BlackFideId "3805662"]
[WhiteElo "2514"]
[BlackElo "2690"]
[Result "0-1"]
[Round "04"]
[TimeControl "180+1"]
[Date "2022.01.11"]
[WhiteClock "0:00:03"]
[BlackClock "0:01:20"]

1. d4 d5 2. Nf3 Nf6 3. c4 dxc4 4. Qa4+ Nc6 5. Qxc4 Bf5 6. Nc3 e6 7. a3 Bd6 8. Bg5 Be7 9. Rd1 Nd5 10. Bxe7 Ncxe7 11. Nxd5 exd5 12. Qb5+ c6 13. Qxb7 Rb8 14. Qxa7 Rxb2 15. e3 O-O 16. Bd3 Bxd3 17. Rxd3 Rb1+ 18. Rd1 Rxd1+ 19. Kxd1 Nf5 20. Ke2 Nd6 21. Rb1 Nb5 22. Qc5 Qa5 23. Rb3 Qa6 24. Ke1 f6 25. Qb4 Ra8 26. Qe7 Qa4 27. Nd2 Kh8 28. h4 h6 29. Ke2 Qa6 30. Kf3 Qa5 31. Nf1 Qe1 32. Rxb5 cxb5 33. Ng3 Qd1+ 34. Kf4 Qc2 35. Kf3 Qd1+ 36. Kf4 Qc2 37. Kf3 Rc8 38. Qd7 Qc6 39. Qf7 Rc7 40. Qf8+ Kh7 41. Nf5 Qe6 42. g4 h5 43. Kg3 hxg4 44. Kxg4 Qe4+ 45. f4 Qg2+ 46. Ng3 Qc2 47. Qe8 Qg6+ 48. Qxg6+ Kxg6 49. h5+ Kf7 50. Nf5 Ke6 0-1


[Site "https://www.chess.com"]

[Event "Titled Tuesday Blitz January 11 2022"]
[White "Gareyev, Timur"]
[Black "Andreikin, Dmitry"]
[WhiteFideId "14200937"]
[BlackFideId "4158814"]
[WhiteElo "2586"]
[BlackElo "2736"]
[Result "1/2-1/2"]
[Round "04"]
[TimeControl "180+1"]
[Date "2022.01.11"]
[WhiteClock "0:01:18"]
[BlackClock "0:01:56"]

1. d4 Nf6 2. c4 e6 3. Nc3 d5 4. cxd5 exd5 5. Bg5 c6 6. e3 Bf5 7. Qf3 Bg6 8. Bxf6 Qxf6 9. Qxf6 gxf6 10. Nge2 Nd7 11. Nf4 Bd6 12. h4 h6 13. f3 Nb6 14. Kf2 Kd7 15. Rd1 Rae8 16. g3 Rhg8 17. b3 Bb4 18. Bh3+ Kd6 19. Nce2 Bc2 20. Rc1 Bh7 21. Rhd1 Ba3 22. Rc3 Bb4 23. Rcc1 Ba3 24. Rc3 Bb4 25. Rcc1 1/2-1/2


[Site "https://www.chess.com"]

[Event "Titled Tuesday Blitz January 11 2022"]
[White "Grunberg, Mihai-Lucian"]
[Black "Leitao, Rafael"]
[WhiteFideId "1204149"]
[BlackFideId "2101246"]
[WhiteElo "2364"]
[BlackElo "2609"]
[Result "0-1"]
[Round "04"]
[TimeControl "180+1"]
[Date "2022.01.11"]
[WhiteClock "0:00:04"]
[BlackClock "0:00:15"]

1. Nf3 Nf6 2. c4 e6 3. g3 d5 4. Bg2 Be7 5. O-O O-O 6. d4 dxc4 7. Qc2 b5 8. a4 a6 9. axb5 Bb7 10. bxa6 Nxa6 11. Qxc4 Bd5 12. Qd3 Nb4 13. Rxa8 Qxa8 14. Qd1 c5 15. Nc3 Bb7 16. Bg5 Rd8 17. e3 cxd4 18. exd4 h6 19. Be3 Nfd5 20. Qb3 Rb8 21. Ne1 Nxe3 22. fxe3 Bg5 23. Nd1 Nd5 24. e4 Nf6 25. Qa3 Nxe4 26. Qxa8 Bxa8 27. Nd3 Rd8 28. Nc5 Rxd4 29. Nc3 Be3+ 30. Kh1 Nxc5 31. Bxa8 Nd3 32. Rf3 Bg5 33. b3 Ne5 34. Rf2 Rb4 35. Rb2 Bf6 36. Rb1 Nd3 37. Ne4 Be7 38. Nd2 Nc5 39. Kg2 f5 40. Bf3 Kf7 41. Nc4 Rxb3 42. Ne5+ Kg8 43. Rxb3 Nxb3 44. Nc6 Bd6 45. Bd1 Nc5 46. Nd4 Kf7 47. Nb3 Nd7 48. Nd4 Bc5 49. Nb3 g6 50. h4 Bb6 51. Be2 Kf6 52. Bb5 Ne5 53. Nd2 Ng4 54. Bc4 e5 55. Nb3 Ne3+ 0-1


[Site "https://www.chess.com"]

[Event "Titled Tuesday Blitz January 11 2022"]
[White "Hakobyan, Aram"]
[Black "Pinheiro, Iung Alicio de O."]
[WhiteFideId "13306677"]
[BlackFideId "2104350"]
[WhiteElo "2557"]
[BlackElo "2593"]
[Result "1-0"]
[Round "04"]
[TimeControl "180+1"]
[Date "2022.01.11"]
[WhiteClock "0:01:37"]
[BlackClock "0:00:03"]

1. b3 d5 2. Bb2 Bg4 3. Nf3 Bxf3 4. exf3 e6 5. g3 Nf6 6. Bg2 g6 7. O-O Bg7 8. d3 O-O 9. f4 c5 10. c4 Nc6 11. Nc3 Nd4 12. Re1 a6 13. Ne2 Nxe2+ 14. Qxe2 Rb8 15. Rad1 Qa5 16. Be5 Rbd8 17. Qb2 Ne8 18. cxd5 exd5 19. Bxg7 Nxg7 20. Re5 d4 21. Bxb7 Qb6 22. Bf3 Rfe8 23. Rde1 Rxe5 24. Rxe5 Nf5 25. Qc1 Rc8 26. Bg4 Qb5 27. Bxf5 gxf5 28. Qc4 Qd7 29. Qd5 Qxd5 30. Rxd5 a5 31. Rxf5 Kf8 32. Re5 f6 33. Re6 a4 34. Rxf6+ Ke7 35. Rb6 axb3 36. axb3 h5 37. Kg2 Kd7 38. f5 Ra8 39. f6 Ra2 40. Rb5 Kd6 41. f7 Ra8 42. Rb7 Ke6 43. Rc7 Kd6 44. Ra7 Rf8 45. Kf3 Ke6 46. Ke4 1-0


[Site "https://www.chess.com"]

[Event "Titled Tuesday Blitz January 11 2022"]
[White "Jaracz, Pawel"]
[Black "Shimanov, Aleksandr"]
[WhiteFideId "1102222"]
[BlackFideId "4198603"]
[WhiteElo "2429"]
[BlackElo "2636"]
[Result "0-1"]
[Round "04"]
[TimeControl "180+1"]
[Date "2022.01.11"]
[WhiteClock "0:00:02"]
[BlackClock "0:00:08"]

1. e4 d5 2. exd5 Qxd5 3. Nc3 Qe5+ 4. Be2 Bg4 5. d4 Bxe2 6. Ngxe2 Qa5 7. O-O Nf6 8. Qd3 e6 9. Qb5+ Qxb5 10. Nxb5 Na6 11. c4 c6 12. Nbc3 O-O-O 13. Bg5 Be7 14. Rfd1 h6 15. Bh4 Rd7 16. a3 Rhd8 17. b4 Nc7 18. Rdc1 b6 19. Rab1 Kb7 20. a4 g5 21. Bg3 Na6 22. c5 bxc5 23. dxc5 Ka8 24. b5 Nb8 25. bxc6 Nxc6 26. Nb5 Nd5 27. Bd6 Bf6 28. g3 Rb7 29. Rd1 Rc8 30. Kg2 Na5 31. Nbd4 Rxb1 32. Rxb1 Nb7 33. Nb5 a6 34. Na3 Nxc5 35. Rc1 Be7 36. Be5 Kb7 37. Nc4 Nb3 38. Rb1 Rxc4 39. Rxb3+ Rb4 40. Ra3 Re4 41. Rb3+ Bb4 42. Bc3 Rxe2 43. Bxb4 Kc6 44. Bf8 h5 45. h3 g4 46. hxg4 hxg4 47. Rd3 Re4 48. a5 Ra4 49. Bg7 Rxa5 50. Rd4 f5 51. Rc4+ Rc5 52. Ra4 Kb5 53. Bf8 Kxa4 54. Bxc5 a5 55. f3 Kb3 56. fxg4 fxg4 57. Kf2 a4 58. Ke2 a3 59. Kd3 a2 60. Bd4 Nb4+ 61. Ke4 Kc4 62. Be5 Nc6 63. Ba1 e5 64. Ke3 Kd5 65. Kd3 Nd4 66. Ke3 Nf5+ 67. Kf2 Ke4 68. Kg2 Ne3+ 69. Kf2 Nc2 0-1


[Site "https://www.chess.com"]

[Event "Titled Tuesday Blitz January 11 2022"]
[White "Jones, Gawain C B"]
[Black "Taboas Rodriguez, Daniel"]
[WhiteFideId "409561"]
[BlackFideId "2208466"]
[WhiteElo "2657"]
[BlackElo "2429"]
[Result "0-1"]
[Round "04"]
[TimeControl "180+1"]
[Date "2022.01.11"]
[WhiteClock "0:00:05"]
[BlackClock "0:00:06"]

1. Nf3 Nf6 2. g3 b6 3. Bg2 Bb7 4. O-O g6 5. c4 Bg7 6. Nc3 O-O 7. Re1 Ne4 8. Nxe4 Bxe4 9. d3 Bb7 10. e4 c5 11. d4 cxd4 12. Nxd4 Nc6 13. Be3 Rc8 14. Rc1 Nxd4 15. Bxd4 d6 16. b3 Bxd4 17. Qxd4 Rc5 18. Rcd1 Qa8 19. a4 Rfc8 20. Bh3 Rf8 21. Rd3 Re5 22. Rde3 Qb8 23. f4 Rc5 24. Rd1 Qc7 25. Qd2 Bc8 26. Bg2 Bg4 27. Rde1 a6 28. e5 dxe5 29. Rxe5 Be6 30. Qe3 Rxe5 31. Qxe5 Qxe5 32. Rxe5 Rd8 33. a5 Rb8 34. axb6 Rxb6 35. c5 Rxb3 36. c6 Rc3 37. Be4 Kf8 38. Ra5 Bc8 39. Ra2 Ke8 40. Rd2 a5 41. Kf2 a4 42. Rd4 a3 43. Ra4 Kd8 44. Bd5 Be6 45. Ra8+ Kc7 46. Ra7+ Kd6 47. Bxe6 fxe6 48. c7 Rxc7 49. Rxa3 Rc2+ 50. Ke3 Rxh2 51. Ra6+ Kd7 52. Ke4 Ke8 53. Kf3 Kf7 54. Ra7 Rb2 55. Ra5 h5 56. Rc5 Rb6 57. Kg2 Rd6 58. Kh3 Rd5 59. Rc8 e5 60. fxe5 Rxe5 61. Kh4 Re4+ 62. Kh3 e5 63. Rc6 Re1 64. Kh4 Re3 65. Ra6 Kg7 66. Kh3 Kh6 67. Ra8 Kg5 68. Kg2 e4 69. Ra6 Kf5 70. Kh3 Re1 71. Ra5+ Kf6 72. Ra6+ Kg7 73. Kh4 e3 74. Kg5 e2 75. Rxg6+ Kf7 76. Rf6+ Ke7 77. Rf2 Ke6 78. Rh2 Ke5 79. Kxh5 Ke4 80. g4 Kf3 81. g5 Rg1 82. Rxe2 Kxe2 83. Kg6 Kf3 84. Kf6 Kg4 85. g6 Kh5 86. g7 Kh6 0-1


[Site "https://www.chess.com"]

[Event "Titled Tuesday Blitz January 11 2022"]
[White "Kamsky, Gata"]
[Black "Senthil Maran K"]
[WhiteFideId "2000024"]
[BlackFideId "25035681"]
[WhiteElo "2645"]
[BlackElo "2194"]
[Result "1-0"]
[Round "04"]
[TimeControl "180+1"]
[Date "2022.01.11"]
[WhiteClock "0:01:52"]
[BlackClock "0:00:02"]

1. e4 c6 2. Nf3 d5 3. d3 Qc7 4. Nc3 Nf6 5. e5 Nfd7 6. d4 e6 7. Ne2 c5 8. c3 Nc6 9. a3 Be7 10. Nf4 O-O 11. Bd3 Re8 12. O-O Nf8 13. Nh5 f6 14. exf6 gxf6 15. Re1 e5 16. dxe5 fxe5 17. Bb5 Be6 18. Bxc6 bxc6 19. Nxe5 Bd6 20. Nf6+ Kh8 21. Nxe8 Rxe8 22. Qh5 Qc8 23. Bg5 Kg8 24. Bf6 Qc7 25. Qg5+ Ng6 26. Nxg6 hxg6 27. Qxg6+ Kf8 28. Qh6+ Kg8 29. Qh8+ Kf7 30. Qg7# 1-0


[Site "https://www.chess.com"]

[Event "Titled Tuesday Blitz January 11 2022"]
[White "Kevlishvili, Robby"]
[Black "Sorokin, Aleksey"]
[WhiteFideId "1040634"]
[BlackFideId "24176460"]
[WhiteElo "2584"]
[BlackElo "2476"]
[Result "1-0"]
[Round "04"]
[TimeControl "180+1"]
[Date "2022.01.11"]
[WhiteClock "0:00:39"]
[BlackClock "0:01:17"]

1. e4 c6 2. Nf3 d5 3. Nc3 dxe4 4. Nxe4 Nf6 5. Qe2 Nxe4 6. Qxe4 Qd5 7. Qf4 Qf5 8. Qe3 Qe6 9. b3 f6 10. Bb2 Qxe3+ 11. fxe3 Bg4 12. O-O-O Nd7 13. Be2 e6 14. h3 Bh5 15. g4 Bg6 16. h4 h6 17. g5 hxg5 18. hxg5 Rxh1 19. Rxh1 Kf7 20. Rf1 Bd6 21. Nh4 Rh8 22. Nxg6 Kxg6 23. gxf6 gxf6 24. a4 Rh2 25. Bc4 Kf7 26. Bd4 a6 27. Bc3 Ke7 28. Rg1 Kf7 29. Bd3 Be5 30. Bb4 f5 31. a5 Nf6 32. Bc4 Ne4 33. d3 Nd6 34. d4 Nxc4 35. bxc4 Bg7 36. Bd6 Rh3 37. Bf4 Bh6 38. Bxh6 Rxh6 39. Kd2 Rh3 40. Rb1 Kf6 41. Rxb7 f4 42. exf4 Ra3 43. Rb6 Rxa5 44. Rxc6 Kf5 45. Rc5+ Rxc5 46. dxc5 Kf6 47. Kc3 Ke7 48. Kb4 Kd7 49. Ka5 Kc6 50. Kxa6 Kxc5 51. Kb7 Kxc4 52. Kc6 1-0


[Site "https://www.chess.com"]

[Event "Titled Tuesday Blitz January 11 2022"]
[White "Kosakowski, Jakub"]
[Black "Guseinov, Gadir"]
[WhiteFideId "1185080"]
[BlackFideId "13401378"]
[WhiteElo "2476"]
[BlackElo "2581"]
[Result "0-1"]
[Round "04"]
[TimeControl "180+1"]
[Date "2022.01.11"]
[WhiteClock "0:00:05"]
[BlackClock "0:00:23"]

1. e4 c5 2. Nf3 g6 3. c3 d5 4. exd5 Qxd5 5. d4 Nf6 6. Be2 cxd4 7. cxd4 Bg7 8. Nc3 Qd6 9. O-O O-O 10. h3 Nc6 11. d5 Nb4 12. Bc4 Rd8 13. Qb3 Nbxd5 14. Rd1 Be6 15. Bg5 b5 16. Nxb5 Qb6 17. Bxf6 Nxf6 18. Bxe6 fxe6 19. Re1 Nd5 20. Ng5 a6 21. Nxe6 Qxb5 22. Nxd8 Rxd8 23. Rad1 Qxb3 24. axb3 Kf7 25. Re4 e6 26. Rd2 Rb8 27. Ra4 Rb6 28. Kf1 g5 29. g3 Bf6 30. Ke2 h6 31. Kf3 Rxb3+ 32. Kg2 Rb6 33. b3 Be7 34. Rc2 Bb4 35. Rc8 a5 36. Ra2 Ne7 37. Ra8 Rd6 38. Rc2 Rd3 39. Re2 Nf5 40. Ra6 Nd4 41. Re4 Rd2 42. h4 Kf6 43. hxg5+ hxg5 44. Ra8 Nxb3 45. Rh8 Nc5 46. Re3 a4 47. Rf3+ Ke7 48. Rb8 Rb2 49. Kh3 a3 50. Kg4 a2 51. Ra8 Ne4 52. Re3 Nxf2+ 53. Kh5 Nd1 54. Rd3 Nc3 55. Ra7+ Kf6 56. Rad7 a1=Q 57. Rf3+ Ke5 58. Re3+ Ne4 0-1


[Site "https://www.chess.com"]

[Event "Titled Tuesday Blitz January 11 2022"]
[White "Kravtsiv, Martyn"]
[Black "Boyer, Mahel"]
[WhiteFideId "14113147"]
[BlackFideId "45102422"]
[WhiteElo "2694"]
[BlackElo "2328"]
[Result "0-1"]
[Round "04"]
[TimeControl "180+1"]
[Date "2022.01.11"]
[WhiteClock "0:00:04"]
[BlackClock "0:00:21"]

1. e4 Nc6 2. Nf3 d5 3. exd5 Qxd5 4. Nc3 Qh5 5. Be2 Bg4 6. d3 O-O-O 7. Be3 e5 8. h3 f5 9. O-O Nf6 10. hxg4 Nxg4 11. g3 Qh3 12. Re1 Nxe3 13. fxe3 Qxg3+ 14. Kh1 Rd6 15. Nh2 Rh6 16. Bh5 g6 17. Qf3 Qh4 18. Re2 Rxh5 19. Rg1 e4 20. Qf2 Qxf2 21. Rxf2 exd3 22. cxd3 Ne5 23. Kg2 Nxd3 24. Rd2 Ne5 25. Rgd1 Bh6 26. Nd5 c6 27. Ne7+ Kc7 28. Nf3 Nxf3 29. Kxf3 Rh3+ 30. Kg2 Rxe3 31. Rd7+ Kb6 32. R1d4 Re2+ 33. Kf3 Rxb2 34. a4 a5 35. R4d6 Kc5 36. Re6 Rb3+ 37. Kg2 Re3 38. Rxe3 Bxe3 39. Rxb7 Bf4 40. Ra7 Kb6 41. Rd7 Bg5 42. Kf3 Kc5 43. Ra7 Kb6 44. Rd7 Re8 0-1


[Site "https://www.chess.com"]

[Event "Titled Tuesday Blitz January 11 2022"]
[White "Kucuksari, Kaan"]
[Black "Babazada, Khazar"]
[WhiteFideId "6380166"]
[BlackFideId "13413554"]
[WhiteElo "2305"]
[BlackElo "2418"]
[Result "0-1"]
[Round "04"]
[TimeControl "180+1"]
[Date "2022.01.11"]
[WhiteClock "0:00:03"]
[BlackClock "0:00:52"]

1. d4 Nf6 2. c4 g6 3. g3 Bg7 4. Bg2 O-O 5. Nc3 d6 6. Nf3 Nc6 7. O-O a6 8. b3 Rb8 9. Bg5 Bd7 10. Rc1 h6 11. Bd2 e5 12. dxe5 dxe5 13. Nd5 Re8 14. Bc3 Ne4 15. Bb2 Qc8 16. Qc2 Nc5 17. Rfd1 Bf5 18. Qd2 Kh7 19. Qe3 Ne4 20. g4 Nxf2 21. Qxf2 Bxg4 22. e4 f5 23. h3 Bh5 24. exf5 Qxf5 25. Rf1 e4 26. Nh4 Qxf2+ 27. Rxf2 Bxb2 28. Rxb2 Kg7 29. Bf1 Ne5 30. Re1 c6 31. Nf4 Bf3 32. Bg2 g5 33. Nf5+ Kf6 34. Nd6 gxf4 35. Nxe8+ Rxe8 36. Kh2 Rg8 37. Rxe4 Rxg2+ 38. Rxg2 Bxe4 39. Rf2 Kf5 40. Rf1 Bd3 41. Ra1 Ke4 42. Kg2 Ke3 43. Re1+ Be2 44. h4 f3+ 45. Kg3 f2 46. Ra1 Nd3 47. Kg2 Ne1+ 48. Kg3 f1=Q 0-1


[Site "https://www.chess.com"]

[Event "Titled Tuesday Blitz January 11 2022"]
[White "Leiva, Gianmarco"]
[Black "Sjugirov, Sanan"]
[WhiteFideId "3804399"]
[BlackFideId "4189302"]
[WhiteElo "2328"]
[BlackElo "2602"]
[Result "0-1"]
[Round "04"]
[TimeControl "180+1"]
[Date "2022.01.11"]
[WhiteClock "0:00:06"]
[BlackClock "0:00:35"]

1. e4 c5 2. Nf3 Nc6 3. Bb5 e6 4. O-O Nge7 5. d4 cxd4 6. Nxd4 Ng6 7. Nxc6 bxc6 8. Bd3 Bc5 9. Qe2 e5 10. g3 O-O 11. Nd2 d5 12. c4 f5 13. cxd5 cxd5 14. exf5 Bxf5 15. Bxf5 Rxf5 16. Ne4 Bb6 17. Rd1 Kh8 18. Qg4 Qf8 19. Ng5 Rxf2 20. Qh5 h6 21. Bd2 Rxd2+ 22. Kh1 Rxd1+ 23. Rxd1 Qf5 24. Nf7+ Qxf7 0-1


[Site "https://www.chess.com"]